 Dungeon Sprint DCSS version 0.28-a0-1624-g820543e53a (webtiles) character file.

Game seed: 12754550462226457615

24 innerfire433 the Skirmisher (level 2, -6/26 HPs)
             Began as a Demonspawn Monk on Jan 23, 2022.
             Mangled by a yak (16 damage)
             ... in the Dungeon (Sprint I: "Red Sonja").
             The game lasted 00:00:30 (28 turns).

innerfire433 the Skirmisher (Demonspawn Monk)         Turns: 28, Time: 00:00:31

Health: -6/26      AC:  2    Str: 11    XL:     2   Next: 79%
Magic:  2/2        EV: 13    Int: 11    God:
Gold:   0          SH:  0    Dex: 15    Spells: 1/1 levels left

rFire   . . .      SeeInvis .   a - +0 falchion
rCold   . . .      Faith    .   (no shield)
rNeg    . . .      Spirit   .   b - +0 robe
rPois   .          Reflect  .   (no helmet)
rElec   .          Harm     .   (no cloak)
rCorr   .          Rampage  .   (no gloves)
Will    .....      NoTele   +   (no boots)
Stlth   ++........              (no amulet)
HPRegen 0.08/turn               (no ring)
MPRegen 0.08/turn               (no ring)

@: on berserk cooldown, slowed, very slow
A: hooves 1
a: no special abilities


You were in the Dungeon.
You visited 1 branch

Inventory:

Hand Weapons
 a - a +0 falchion (weapon)
Armour
 b - a +0 robe (worn)
Wands
 g - a wand of digging (2)
Scrolls
 h - a scroll of blinking
Potions
 c - a potion of curing
 d - a potion of heal wounds
 e - a potion of haste
 f - 3 potions of magic


   Skills:
 + Level 4.3 Fighting
 + Level 4.0 Long Blades
 + Level 3.9 Dodging
 + Level 2.0 Stealth


You had one spell level left.
You didn't know any spells.
Your spell library was empty.

Dungeon Overview and Level Annotations

Branches:
Dungeon (1/1)

Altars:
Cheibriados
Dithmenos
Elyvilon
Fedhas
Gozag
Hepliaklqana
Kikubaaqudgha
Nemelex Xobeh
Okawaru
Qazlal
Ru
Trog
Uskayaw
Yredelemnul
Zin
The Shining One

Shops:
D [


Innate Abilities, Weirdness & Mutations

You have large cloven feet.


Message History

a +0 club; a +0 ring mail You feel a strong urge to attack something.
You are no longer berserk.
You are exhausted.
You feel yourself slow down.
Okay, then.
Aiming: Dig
Press: ? - help, Shift-Dir - straight line A rock wall.
The rock shatters into small pieces.
Found Orhuh's Antique Armour Emporium.
Found eleven altars.
Found a hide-covered altar of Uskayaw.
Found a hazy altar of Hepliaklqana and a sparkling altar of Nemelex Xobeh.
A yak comes into view.
Found a blossoming altar of Fedhas and a stormy altar of Qazlal.
There is a glowing silver altar of Zin here.
There is a white marble altar of Elyvilon here.
There is a glowing golden altar of the Shining One here.
There is an iron altar of Okawaru here.
There is a bloodstained altar of Trog here.
There is an iron altar of Okawaru here.
There is a glowing golden altar of the Shining One here.
The yak bellows!
There is an ancient bone altar of Kikubaaqudgha here.
There is a basalt altar of Yredelemnul here.
The yak barely misses you.
There is a shadowy altar of Dithmenos here.
You hit the yak.
The yak is lightly wounded.
The yak misses you.
You hit the yak.
The yak is lightly wounded.
The yak closely misses you. The yak gores you!
Ouch! That really hurt!
You hit the yak but do no damage.
The yak is lightly wounded.
The yak snorts and paws the altar.
The yak gores you!
Ouch! That really hurt!
You die...

#<.#..+
#..)..#
#..##.#
#..##.#
#..#__####
#..#_____##
#⌠⌠#_.∩...+
####_..__##
#@Y___#
#######


You could see a yak.

Vanquished Creatures
  Ijyb (D)
1 creature vanquished.

Notes
Turn   | Place    | Note
-------+----------+-------------------------------------------
     0 | D        | innerfire433 the Demonspawn Monk began the quest for the
                  | Orb.
     0 | D        | Reached XP level 1. HP: 18/18 MP: 1/1
     1 | D        | Noticed Ijyb
     8 | D        | Killed Ijyb
     9 | D        | Gained mutation: You have large cloven feet. [demonic
                  | ancestry]
     9 | D        | Reached XP level 2. HP: 26/26 MP: 2/2
    13 | D        | Found an iron altar of Okawaru.
    13 | D        | Found a bloodstained altar of Trog.
    13 | D        | Found Orhuh's Antique Armour Emporium.
    13 | D        | Found an ancient bone altar of Kikubaaqudgha.
    13 | D        | Found a basalt altar of Yredelemnul.
    13 | D        | Found a sacrificial altar of Ru.
    13 | D        | Found a snail-covered altar of Cheibriados.
    13 | D        | Found a shadowy altar of Dithmenos.
    13 | D        | Found an opulent altar of Gozag.
    14 | D        | Found a hide-covered altar of Uskayaw.
    15 | D        | Found a hazy altar of Hepliaklqana.
    15 | D        | Found a sparkling altar of Nemelex Xobeh.
    16 | D        | Found a blossoming altar of Fedhas.
    16 | D        | Found a stormy altar of Qazlal.
    16 | D        | Noticed a yak
    28 | D        | Mangled by a yak

Illustrated notes

Levels and vault maps discovered:
D:        dungeon_sprint_1 [red_sonja_temple_1, red_sonja_temple_small_1]

Skill      XL: |  1 |
---------------+----+-----
Fighting       | 4 |  4.3
Long Blades    | 4 |  4.0
Dodging        | 3 |  3.9
Stealth        | 2 |  2.0

Action                   || total
-------------------------++-------
Melee: Falchion          ||     9
Evoke: Wand              ||     1
  Use: Potion            ||     1
Dodge: Dodged            ||     6

Table legend: (Time is in decaauts)
 A = Elapsed time spent in this place.
 B = Non-inter-level travel time spent in this place.
 C = Inter-level travel time spent in this place.
 D = Time resting spent in this place.
 E = Time spent auto-exploring this place.
 F = Levels seen in this place.
 G = Mean time per level.
                   A        B        C        D        E       F      G
               +--------+--------+--------+--------+--------+-----+--------+
         Total |     33 |     33 |      0 |      0 |      1 |   1 |   33.0 |
       Dungeon |     33 |     33 |      0 |      0 |      1 |   1 |   33.0 |
               +--------+--------+--------+--------+--------+-----+--------+

Top non-repeatable levels by time:
       D: 33 daAuts
